 Dungeon Crawl Stone Soup version 0.15-a0-1936-gbed3715 (console) character file.

84 Riskier the Magician (level 4, 0/24 HPs)
             Began as a Deep Elf Ice Elementalist on July 8, 2014.
             Slain by Sigmund
             ... wielding a +0 scythe
              (5 damage)
             ... on Level 4 of the Dungeon.
             The game lasted 00:04:58 (807 turns).

Riskier the Magician (Deep Elf Ice Elementalist)     Turns: 807, Time: 00:04:59

HP   0/24        AC  2     Str  5      XL: 4   Next: 23%
MP  14/15        EV 13     Int 21      God:
Gold 48          SH  0     Dex 15      Spells:  3 memorised,  4 levels left

rFire  . . .     SeeInvis +     n - +0 mace
rCold  . . .     Clarity  .     a - +0 robe
rNeg   + . .     rCorr    .     (no shield)
rPois  .         rRot     .     (no helmet)
rElec  .         Spirit   .     (no cloak)
SustAb .         Warding  .     (no gloves)
rMut   .         Stasis   .     (no boots)
Gourm  .                        (no amulet)
MR     .....                    l - ring of positive energy
                                e - ring of see invisible

@: not resistant to hostile enchantments, unstealthy
A: no striking features
a: no special abilities


You were on level 4 of the Dungeon.
You were not hungry.

You visited 1 branch of the dungeon, and saw 4 of its levels.

You collected 48 gold pieces.

Inventory:

Hand weapons
 n - a +0 mace (weapon)
Armour
 a - a +0 robe (worn)
 d - a +0 ring mail
Magical devices
 o - a wand of flame (8) {unknown}
Comestibles
 c - a bread ration
 i - a slice of pizza
 m - a meat ration
Scrolls
 k - a scroll of enchant weapon {unknown}
 p - a scroll of noise {unknown}
Jewellery
 e - a ring of see invisible (left hand)
 j - an uncursed ring of sustain abilities
 l - a ring of positive energy (right hand)
Potions
 f - a potion of invisibility
 h - a potion of flight
 q - a potion of haste
Books
 b - a book of Frost

   Spells                             Type                      Level
   *Freeze                            Ice                          1
   *Throw Frost                       Conjuration/Ice              2
   Ozocubu's Armour                   Charms/Ice                   3
   *Throw Icicle                      Conjuration/Ice              4
   Summon Ice Beast                   Ice/Summoning                4
   Condensation Shield                Ice                          4


   Skills:
 - Level 2.4 Dodging
 - Level 2.4 Stealth
 - Level 4.0 Spellcasting
 + Level 3.7 Conjurations
 + Level 3.5 Ice Magic


You had 4 spell levels left.
You knew the following spells:

 Your Spells              Type           Power        Failure   Level  Hunger
a - Freeze                Ice            ###.         2%          1    None
b - Throw Frost           Conj/Ice       ###...       4%          2    #......
c - Throw Icicle          Conj/Ice       ###.....     28%         4    ####...


Dungeon Overview and Level Annotations

Branches:
Dungeon (4/15)
 Temple: D:4-7

Altars:
Elyvilon
Zin
The Shining One

Annotations:
D:4 Sigmund


Message History

You climb upwards.
There is a stone staircase leading down here.
You climb downwards.
There is a stone staircase leading up here.
Sigmund the Dreaded comes into view.
He is wielding a scythe.
Sigmund shouts!
Sigmund casts a spell at you. The puff of flame hits you!
Sigmund gestures at you while chanting. The magic dart hits you!
* * * LOW HITPOINT WARNING * * *
Casting: Freeze
Confirm with . or Enter, or press ? or * to list all spells.
Aiming: Freeze
Press: ? - help, Shift-Dir - straight line, f - Sigmund
Aim: Sigmund, wielding a scythe and wearing a robe You freeze Sigmund.
Sigmund is moderately wounded.
Sigmund hits you with a scythe.
You die...

#.# .... ...# #.#
#.#
#.##.####.####.#
#.#
................#
.
.#.......#.######
...........#
#.......### #
#.......#
#..###.#.##
#...@@...#
######.### #.#
#.# #.# #.# #.#
#.# #..


You could see Sigmund.

Vanquished Creatures
  An orc wizard (D:3)
  3 adders
  A giant gecko (D:4)
  6 bats
  3 giant cockroaches
  3 goblins (D:1)
  6 hobgoblins
  3 kobolds
  3 giant newts
  5 rats
34 creatures vanquished.

Notes
Turn   | Place    | Note
--------------------------------------------------------------
     0 | D:1      | Riskier, the Deep Elf Ice Elementalist, began the quest for the Orb.
     0 | D:1      | Reached XP level 1. HP: 10/10 MP: 5/5
   148 | D:1      | Reached XP level 2. HP: 15/15 MP: 1/8
   150 | D:1      | Reached skill level 4 in Spellcasting
   156 | D:1      | Learned a level 2 spell: Throw Frost
   388 | D:2      | Reached XP level 3. HP: 16/19 MP: 5/12
   546 | D:3      | Found a glowing golden altar of the Shining One.
   547 | D:3      | Found a glowing silver altar of Zin.
   548 | D:3      | Found a white marble altar of Elyvilon.
   656 | D:3      | Reached XP level 4. HP: 5/24 MP: 5/15
   662 | D:3      | Learned a level 4 spell: Throw Icicle
   803 | D:4      | Noticed Sigmund
   807 | D:4      | Slain by Sigmund

Action                   |  1- 3 |  4- 6 || total
-------------------------+-------+-------++-------
Melee: Dagger            |    10 |       ||    10
       Mace              |    17 |     5 ||    22
 Cast: Freeze            |    31 |     5 ||    36
       Throw Frost       |     9 |     1 ||    10
  Use: Scroll            |       |     3 ||     3
 Stab: Sleeping          |       |     1 ||     1
